 Dungeon Crawl Stone Soup version 0.29-a0-371-g91724d5b39 (webtiles) character file.

Game seed: 447036440378857352

707 omnomnOMINOUS the Poker (level 7, -1/47 HPs)
             Began as an Octopode Wanderer on May 3, 2022.
             Was an Initiate of Vehumet.
             Slain by a fire elemental (11 damage)
             ... created by the fiery vengeance of Ignis
             ... on level 4 of the Dungeon.
             The game lasted 00:14:23 (5113 turns).

omnomnOMINOUS the Poker (Octopode Wanderer)         Turns: 5113, Time: 00:14:24

Health: -1/47      AC:  1    Str: 11    XL:     7   Next: 67%
Magic:  1/11       EV: 14    Int: 15    God:    Vehumet [......]
Gold:   287        SH:  0    Dex: 13    Spells: 7/11 levels left

rFire   . . .      SeeInvis .   a - +2 dagger
rCold   . . .      Faith    .   (no shield)
rNeg    . . .      Spirit   .   (helmet restricted)
rPois   .          Reflect  .   (no amulet)
rElec   .          Harm     .   s - ring of willpower
rCorr   .          Rampage  .   z - ring of wizardry
Will    ++...                   B - ring of willpower
Stlth   ++++......              (no ring)
HPRegen 0.15/turn               (no ring)
MPRegen 0.12/turn               (no ring)
                                (no ring)
                                (no ring)

@: fire susceptible
A: almost no armour, amphibious, 8 rings, camouflage 1, gelatinous body 1,
(nimble swimmer 1), tentacles
a: Renounce Religion


You were on level 4 of the Dungeon.
You worshipped Vehumet.
Vehumet was noncommittal.
You visited 1 branch of the dungeon, and saw 4 of its levels.
You also visited: Sewer.

You collected 287 gold pieces.

Inventory:

Hand Weapons
 a - a +2 dagger (weapon)
 b - a +0 spear
 p - a +0 whip of venom
Missiles
 f - 5 curare-tipped darts (quivered)
 r - 6 javelins
Magical Staves
 m - a staff of conjuration
Jewellery
 s - a ring of willpower (left tentacle)
 z - a ring of wizardry (right tentacle)
 B - a ring of willpower (on tentacle)
Wands
 w - a wand of digging (6)
Scrolls
 g - a scroll of teleportation {unknown}
 j - a scroll of enchant weapon {unknown}
 k - a scroll of summoning {unknown}
 q - a scroll of vulnerability {unknown}
 t - a scroll of noise {unknown}
 u - a scroll of amnesia {unknown}
 v - a scroll of fog {unknown}
 y - a scroll of enchant armour {unknown}
 A - 3 scrolls of blinking
Potions
 c - a potion of heal wounds
 d - 2 potions of lignification
 e - 2 potions of attraction
 h - 2 potions of degeneration
 i - a potion of brilliance {unknown}
 n - 3 potions of invisibility
 o - 2 potions of might
 x - a potion of curing {unknown}


   Skills:
 + Level 3.7 Fighting
 * Level 5.5 Polearms
 + Level 3.1 Dodging
 - Level 5.3 Stealth
 + Level 2.6 Spellcasting
 + Level 2.2 Summonings
 + Level 2.0 Air Magic
 - Level 1.1 Evocations


You had 7 spell levels left.
You knew the following spells:

 Your Spells              Type           Power      Damage    Failure   Level
a - Summon Lightning Spi  Summ/Air       8%         N/A       32%         4

Your spell library contained the following spells:

 Spells                   Type           Power      Damage    Failure   Level
 Tukima's Dance           Hex            2%         N/A       24%         3
 Passage of Golubria      Tloc           2%         N/A       58%         4
 Yara's Violent Unravell  Hex/Tmut       1%         3d3       89%         5
 Storm Form               Tmut/Air       2%         N/A       100%        7
 Maxwell's Capacitive Co  Air            4%         ∞         100%        8


Dungeon Overview and Level Annotations

Branches:
Dungeon (4/15)              Sewer (visited)
 Temple: D:4-7

Altars:
Qazlal
Vehumet
Xom
Yredelemnul
Ignis

Shops:
D:4 =*:


Innate Abilities, Weirdness & Mutations

You cannot wear most types of armour.
You are amphibious.
You can wear up to eight rings at the same time.
Your skin changes colour to match your surroundings (Stealth+).
Your rubbery body absorbs attacks. (AC +1, EV +1)
((You are camouflaged when in or above water. (Stealth+)))
You have tentacles for arms and can constrict up to eight enemies at once.


Message History

The fire elemental resists.
The bolt of electricity hits your lightning spire.
Your lightning spire completely resists.
You hit the fire elemental.
The fire elemental is heavily damaged.
The fire elemental misses you.
The fire elemental barely misses your lightning spire.
The fire elemental misses you.
The fire elemental hits your lightning spire.
The fire elemental burns your lightning spire!
Your lightning spire completely resists.
You hit the fire elemental.
The fire elemental is severely damaged.
The fire elemental closely misses you.
The fire elemental hits your lightning spire.
The fire elemental burns your lightning spire!
Your lightning spire completely resists.
Your lightning spire shoots out a bolt of lightning at the fire elemental!
The bolt of electricity hits the fire elemental.
The fire elemental resists.
The bolt of electricity hits the fire elemental.
The fire elemental resists.
The bolt of electricity hits your lightning spire but does no damage.
You hit the fire elemental. Your squeeze misses the fire elemental.
The fire elemental is severely damaged.
The fire elemental completely misses you.
The fire elemental hits your lightning spire.
The fire elemental burns your lightning spire!
Your lightning spire completely resists.
Your lightning spire is destroyed!
Your lightning spire disappears in a puff of smoke!
You completely miss the fire elemental. You squeeze the fire elemental.
The fire elemental is severely damaged.
The fire elemental closely misses you. The fire elemental hits you.
The fire elemental burns you!
* * * LOW HITPOINT WARNING * * *
The fire elemental hits you.
* * * LOW HITPOINT WARNING * * *
The fire elemental burns you!
You die...

.........#....# ##.#
..............# #..#
.............## #..#
.......#.....# ##..#
....###......## #..##
######....##..## ##.°# #
##....##..#>.## #.○.###
###...#.........## ##○....#
##...........##.@## #°....##
.......).....###EE######.....#
............## #.☼..○....#...#
...........##
##..####..##....# ..........##
##..## #..##....# .........##
#..## #..###..## ........##
##.#### #..# #.# .......##
##.#...## #..# ## #.....##
##.......# #..#


You could see 2 fire elementals.

Vanquished Creatures
  2 phantoms
  2 bullfrogs (Sewer)
  Blork the orc (D:4)
  A scorpion (D:4)
  A hound (D:4)
  2 jellies (D:4)
  Ijyb (D:4)
  10 adders
  2 worms (D:2)
  A dart slug (D:2)
  2 orcs (D:3)
  7 ball pythons
  8 endoplasms
  19 giant cockroaches
  4 goblins
  4 hobgoblins
  10 quokkas
  4 bats (D:1)
  13 frilled lizards
  9 kobolds
  6 rats
109 creatures vanquished.

Notes
Turn   | Place    | Note
-------+----------+-------------------------------------------
     0 | D:1      | omnomnOMINOUS the Octopode Wanderer began the quest for the
                  | Orb.
     0 | D:1      | omnomnOMINOUS set off with the following items: a +2
                  | dagger, a potion of heal wounds, a +0 spear, a potion of
                  | lignification, a potion of attraction
     0 | D:1      | Reached XP level 1. HP: 14/14 MP: 1/1
   208 | D:1      | Reached XP level 2. HP: 15/19 MP: 2/2
   743 | D:1      | Noticed an eye of devastation
   745 | D:1      | Found a faded altar of an unknown god.
   746 | D:1      | Noticed a great orb of eyes
   746 | D:1      | Noticed a golden eye
   746 | D:1      | Noticed a golden eye
   828 | D:1      | Prayed at the altar of an unknown god.
   828 | D:1      | Became a worshipper of Ignis, the Dying Flame
   948 | D:2      | Reached XP level 3. HP: 24/24 MP: 4/4
  1047 | D:2      | Reached skill level 1 in Dodging
  1113 | D:2      | Reached skill level 1 in Spellcasting
  1533 | D:2      | Reached XP level 4. HP: 30/30 MP: 5/5
  1586 | D:2      | Identified the +1 ring mail of Qohem {-Tele +Inv Str+4
                  | Int+4}
  1855 | D:2      | Noticed a phantom
  1876 | D:2      | Killed a phantom
  1877 | D:2      | Reached XP level 5. HP: 3/36 MP: 5/7
  2172 | D:3      | Learned a level 4 spell: Summon Lightning Spire
  2359 | D:3      | Found a basalt altar of Yredelemnul.
  3221 | D:4      | Reached XP level 6. HP: 42/42 MP: 8/8
  3228 | D:4      | Found a stormy altar of Qazlal.
  3250 | D:4      | Noticed Ijyb
  3265 | D:4      | Killed Ijyb
  3266 | D:4      | Reached skill level 1 in Summonings
  3266 | D:4      | Found Qoiclaw's General Store.
  3517 | D:4      | Found Lizouh's Book Shoppe.
  3651 | D:4      | Found a glowing drain.
  3660 | Sewer    | Entered a sewer
  3736 | Sewer    | Reached skill level 1 in Air Magic
  3895 | Sewer    | Reached skill level 5 in Polearms
  3895 | Sewer    | Reached XP level 7. HP: 25/46 MP: 10/10
  4314 | D:4      | Noticed Blork the orc
  4322 | D:4      | Killed Blork the orc
  4438 | D:4      | Found Cyshupom's Jewellery Emporium.
  4515 | D:4      | Found a radiant altar of Vehumet.
  4519 | D:4      | Fell from the grace of Ignis
  4519 | D:4      | Became a worshipper of Vehumet
  4680 | D:4      | Found a shimmering altar of Xom.
  5086 | D:4      | Noticed a fire elemental
  5086 | D:4      | Noticed a fire elemental
  5113 | D:4      | Slain by a fire elemental

Illustrated notes

Levels and vault maps discovered:
D:1:      kennysheep_arrival_forest, layout_loops_ring,
          hellmonk_ecumenical_altar_watching_god, kennysheep_another_room,
          corexii_hall_statues_l, minmay_misc_feat_iff, minmay_crystal_room,
          minmay_ruptured
D:2:      layout_basic, minmay_misc_feat_square
D:3:      wad_pebble_path, layout_loops_corners,
          mainiacjoe_overflow_small_starburst, grunt_ministairs_3
D:4:      layout_cave_pods, nicolae_qazlal_scattered_showers,
          mainiacjoe_overflow_alcove_4, vehumet_crystals, serial_shops,
          nicolae_shop_trees, nicolae_shop_window_shopping,
          portal_sewer_entry_a, minmay_shop_grid_forest, uniq_blork_the_orc,
          uniq_ijyb

Skill      XL: |  1  2  3  4  5  6  7 |
---------------+----------------------+-----
Dodging        | 1 2 3 |  3.1
Spellcasting   | 1 2 |  2.6
Polearms       | 4 5 |  5.5
Fighting       | 3 |  3.7
Summonings     | 1 2 |  2.2
Air Magic      | 1 2 |  2.0
Stealth        | |  5.3
Evocations     | |  1.1

Action                   |  1- 3 |  4- 6 |  7- 9 || total
-------------------------+-------+-------+-------++-------
Melee: Dagger            |    60 |   127 |    49 ||   236
       Constrict         |    10 |    30 |     7 ||    47
       Tentacles         |     7 |    31 |    12 ||    50
       Punch             |     1 |     3 |       ||     4
 Cast: Summon Lightning  |       |       |     2 ||     2
  Use: Scroll            |       |       |     4 ||     4
       Potion            |       |       |     1 ||     1
 Stab: Sleeping          |    16 |    17 |     9 ||    42
Armor: Skin              |     5 |     6 |     2 ||    13
Dodge: Dodged            |    31 |    69 |    30 ||   130

Table legend: (Time is in decaauts)
 A = Elapsed time spent in this place.
 B = Non-inter-level travel time spent in this place.
 C = Inter-level travel time spent in this place.
 D = Time resting spent in this place.
 E = Time spent auto-exploring this place.
 F = Levels seen in this place.
 G = Mean time per level.
                   A        B        C        D        E       F      G
               +--------+--------+--------+--------+--------+-----+--------+
         Total |   5111 |   5070 |     41 |    789 |   3375 |   5 | 1022.2 |
       Dungeon |   4513 |   4472 |     41 |    689 |   3059 |   4 | 1128.2 |
         Sewer |    597 |    597 |      0 |    100 |    316 |   1 |  597.0 |
               +--------+--------+--------+--------+--------+-----+--------+

Top non-repeatable levels by time:
     D:4: 1299 daAuts
     D:2: 1213 daAuts
     D:3: 1061 daAuts
     D:1: 939 daAuts
   Sewer: 597 daAuts
